 Dungeon Crawl Stone Soup version 0.29-a0-321-gf1c400731a (webtiles) character file.

Game seed: 14888995123045450248

116 dianekeaton the Chopper (level 5, 0/45 HPs)
             Began as a Hill Orc Fighter on Apr 5, 2022.
             Slain by an orc
             ... wielding a +0 trident
              (2 damage)
             ... on level 3 of the Dungeon.
             The game lasted 00:04:49 (1877 turns).

dianekeaton the Chopper (Hill Orc Fighter)          Turns: 1877, Time: 00:04:50

Health: 0/45       AC:  9    Str: 21    XL:     5   Next: 1%
Magic:  5/5        EV:  7    Int:  8    God:
Gold:   98         SH:  6    Dex: 10    Spells: 4/4 levels left

rFire   . . .      SeeInvis .   a - +0 war axe
rCold   . . .      Faith    .   h - +2 buckler
rNeg    . . .      Spirit   .   g - +0 chain mail
rPois   .          Reflect  .   (no helmet)
rElec   .          Harm     .   (no cloak)
rCorr   .          Rampage  .   (no gloves)
Will    .....                   (no boots)
Stlth   ..........              (no amulet)
HPRegen 0.15/turn               (no ring)
MPRegen 0.09/turn               (no ring)

@: mighty
A: no striking features
a: no special abilities


You were on level 3 of the Dungeon.
You visited 1 branch of the dungeon, and saw 3 of its levels.

You collected 98 gold pieces.

Inventory:

Hand Weapons
 a - a +0 war axe (weapon)
Missiles
 i - 84 stones (quivered)
Armour
 b - a +0 scale mail
 g - a +0 chain mail (worn)
 h - a +2 buckler (worn)
Jewellery
 k - an amulet of faith
Scrolls
 d - a scroll of amnesia {unknown}
 o - 2 scrolls of identify
 p - 2 scrolls of magic mapping
 r - a scroll of enchant weapon {unknown}
 s - a scroll of fog {unknown}
 t - 2 scrolls of brand weapon {unknown}
Potions
 c - a potion of mutation {unknown}
 e - a potion of flight
 f - 2 potions of degeneration {unknown}
 j - a potion of magic {unknown}
 l - 2 potions of haste
 m - a potion of lignification {unknown}
 n - a potion of curing {unknown}
 q - a potion of brilliance {unknown}


   Skills:
 - Level 3.6 Fighting
 + Level 6.6 Axes
 - Level 3.2 Armour
 - Level 3.2 Shields


You had 4 spell levels left.
You didn't know any spells.
Your spell library contained the following spells:

 Spells                   Type           Power      Damage    Failure   Level
 Ensorcelled Hibernation  Hex/Ice        0%         N/A       100%        2
 Passwall                 Tmut/Erth      0%         N/A       100%        2
 Gell's Gravitas          Tloc           0%         N/A       100%        3
 Lesser Beckoning         Tloc           0%         N/A       100%        3
 Swiftness                Air            0%         N/A       100%        3
 Teleport Other           Tloc           0%         N/A       100%        3


Dungeon Overview and Level Annotations

Branches:
Dungeon (3/15)

Altars:


Message History

The orc is heavily wounded.
The orc barely misses you.
You hit the orc but do no damage.
The orc is moderately wounded.
The orc hits you from afar with a +0 trident.
The orc closely misses you. The orc barely misses you.
You closely miss the orc.
The orc is moderately wounded.
You block the orc's attack.
The orc hits you from afar with a +0 trident.
You barely miss the orc.
The orc is moderately wounded.
You block the orc's attack. The orc barely misses you.
You block the orc's attack. The orc hits you but does no damage.
You hit the orc.
You kill the orc!
The orc hits you from afar with a +0 trident.
The orc barely misses you.
You have reached level 5!
You feel stronger. The orc hits you but does no damage.
You see here a +0 dagger.
The orc hits you from afar with a +0 trident.
You are too injured to fight recklessly!
Throw: 85 stones
Press: ? - help, Q - select action Shift-Dir - straight line, f - orc
Aim: an orc, wielding a +0 trident and wearing a +0 scale mail (fast, 60% to hit)
You throw a stone.
The stone hits the orc but does no damage.
The orc hits you from afar with a +0 trident!
* * * LOW HITPOINT WARNING * * *
The orc hits you from afar with a +0 trident.
* * * LOW HITPOINT WARNING * * *
Okay, then.
Okay, then.
You feel very mighty all of a sudden.
The orc hits you from afar with a +0 trident!
* * * LOW HITPOINT WARNING * * *
The orc hits you from afar with a +0 trident.
You die...

..................#.......#
#................##....#.##
#................##....#..####
#........####.#####....#.....#
#........####............>...#
#........o...#...##....##....#
<........####o#...##....##....#
.........# #.#...##....##....#
...##..... #.#.@.##....##....#
... #...... #.o...##....##....#
.. #.........o.####..........#
#.......#...# ###........#
#.......#$..# #........# .....
#...# #....##### ..... #...#
#....# #### #...# #....# #...#
######


You could see 2 orcs.

Vanquished Creatures
  Terence (D:2)
  An adder (D:2)
  A gnoll (D:1)
  2 dart slugs (D:1)
  3 orcs (D:3)
  4 ball pythons
  3 endoplasms
  3 giant cockroaches
  5 goblins
  6 hobgoblins
  12 jackals
  2 kobolds (D:1)
  2 quokkas
  4 bats
  9 rats
58 creatures vanquished.

Notes
Turn   | Place    | Note
-------+----------+-------------------------------------------
     0 | D:1      | dianekeaton the Hill Orc Fighter began the quest for the
                  | Orb.
     0 | D:1      | Reached XP level 1. HP: 19/19 MP: 1/1
    25 | D:1      | Reached skill level 3 in Axes
    84 | D:1      | Reached XP level 2. HP: 26/26 MP: 2/2
    90 | D:1      | Reached skill level 4 in Axes
   326 | D:1      | Reached XP level 3. HP: 29/31 MP: 3/3
   690 | D:1      | Reached skill level 5 in Axes
  1186 | D:2      | Found a faded altar of an unknown god.
  1249 | D:2      | Reached XP level 4. HP: 35/39 MP: 4/4
  1291 | D:2      | Noticed Terence
  1302 | D:2      | Killed Terence
  1303 | D:2      | Reached skill level 6 in Axes
  1872 | D:3      | Reached XP level 5. HP: 21/45 MP: 5/5
  1876 | D:3      | HP: 2/45 [orc/+0 trident (7)]
  1877 | D:3      | Slain by an orc

Illustrated notes

Levels and vault maps discovered:
D:1:      saegor_arrival_miasma, layout_loops_ring
D:2:      layout_rooms, dreamdust_ecumenical_altar_grove,
          corexii_item_surrounded_by_moat, minmay_pentomino_o2, uniq_terence
D:3:      layout_basic

Skill      XL: |  1  2  3  4 |
---------------+-------------+-----
Axes           | 3 4 5 6 |  6.6
Fighting       | |  3.6
Armour         | |  3.2
Shields        | |  3.2

Action                   |  1- 3 |  4- 6 || total
-------------------------+-------+-------++-------
Melee: War axe           |    97 |    65 ||   162
Throw: Stone             |       |     3 ||     3
  Use: Scroll            |     2 |       ||     2
       Potion            |       |     2 ||     2
Armor: Scale mail        |    46 |       ||    46
       Chain mail        |     6 |    43 ||    49
Dodge: Dodged            |    54 |    37 ||    91
Block: Buckler           |    32 |    31 ||    63

Table legend: (Time is in decaauts)
 A = Elapsed time spent in this place.
 B = Non-inter-level travel time spent in this place.
 C = Inter-level travel time spent in this place.
 D = Time resting spent in this place.
 E = Time spent auto-exploring this place.
 F = Levels seen in this place.
 G = Mean time per level.
                   A        B        C        D        E       F      G
               +--------+--------+--------+--------+--------+-----+--------+
         Total |   1922 |   1917 |      5 |     13 |   1378 |   3 |  640.7 |
       Dungeon |   1922 |   1917 |      5 |     13 |   1378 |   3 |  640.7 |
               +--------+--------+--------+--------+--------+-----+--------+

Top non-repeatable levels by time:
     D:1: 1060 daAuts
     D:2: 524 daAuts
     D:3: 338 daAuts
